 Dungeon Crawl Stone Soup version 0.24-a0-335-g06ca16af6c (webtiles) character file.

Game seed: 18078902910050102134

87 HAL9000 the Sneak (level 4, 0/23 HPs)
             Began as a Vine Stalker Assassin on May 19, 2019.
             Slain by a gnoll
             ... wielding a +0 halberd
              (7 damage)
             ... on level 2 of the Dungeon.
             The game lasted 00:03:09 (2052 turns).

HAL9000 the Sneak (Vine Stalker Assassin)           Turns: 2052, Time: 00:03:10

Health: 0/23       AC:  4    Str: 14    XL:     4   Next: 51%
Magic:  0/5        EV: 11    Int: 11    God:
Gold:   53         SH:  0    Dex: 16    Spells: 3/3 levels left

rFire    . . .     SeeInvis .   a - +2 dagger
rCold    . . .     Gourm    .   (no shield)
rNeg     . . .     Faith    .   m - +0 leather armour
rPois    .         Spirit   +   (no helmet)
rElec    .         Reflect  .   c - +0 cloak
rCorr    .         Harm     .   (no gloves)
MR       .....                  (no boots)
Stlth    +++.......             (no amulet)
HPRegen  0.47/turn              (no ring)
MPRegen  0.09/turn              (no ring)

@: no status effects
A: fangs 2, regeneration 1, magic shield, antimagic bite, no potion heal 3, rot
immunity
a: no special abilities


You were on level 2 of the Dungeon.
You were hungry.

You visited 1 branch of the dungeon, and saw 3 of its levels.

You collected 53 gold pieces.

Inventory:

Hand Weapons
 a - a +2 dagger (weapon)
Missiles
 d - 8 poisoned darts (quivered)
 e - 2 curare-tipped darts
Armour
 c - a +0 cloak (worn)
 m - a +0 leather armour (worn)
Scrolls
 b - a scroll of enchant weapon {unknown}
 g - a scroll of fear {unknown}
 i - 5 scrolls of identify {unknown}
 k - a scroll of immolation {unknown}
 n - 3 scrolls of remove curse {unknown}
Potions
 h - a potion of brilliance {unknown}
 j - a potion of flight {unknown}
 l - a potion of lignification {unknown}
 o - 2 potions of degeneration {unknown}
 q - a potion of heal wounds {unknown}
Comestibles
 f - 3 rations


   Skills:
 - Level 1.7 Fighting
 + Level 4.2 Short Blades
 - Level 1.7 Throwing
 - Level 0.7 Dodging
 - Level 4.8 Stealth


You had 3 spell levels left.
You didn't know any spells.
Your spell library was empty.

Dungeon Overview and Level Annotations

Branches:
Dungeon (3/15)

Altars:

Annotations:
D:3 Robin


Innate Abilities, Weirdness & Mutations

You have extremely sharp teeth.
Your natural rate of healing is unusually fast.
When hurt, damage is shared between your health and your magic reserves.
Your bite disrupts and absorbs the magic of your enemies.
Potions cannot restore your health.
You are immune to rotting.


Message History

The orc wizard blinks!
You climb upwards.
There is a stone staircase leading down here.
You hit the gnoll.
The gnoll is moderately wounded.
The gnoll barely misses you.
You barely miss the gnoll.
The gnoll is moderately wounded.
You hit the gnoll. Your bite misses the gnoll.
The gnoll is moderately wounded.
The gnoll barely misses you.
You hit the gnoll but do no damage. Your bite misses the gnoll.
The gnoll is moderately wounded.
You barely miss the gnoll.
The gnoll is moderately wounded.
The gnoll hits you with a +0 halberd!
You closely miss the gnoll. You bite the gnoll, but do no damage.
The gnoll is moderately wounded.
The gnoll hits you with a +0 halberd!
You die...

#.......###.##(#####....
##.##...................
#...........#..####.###
####....[...#..# #.# #
#.....####..####.# #
#.....# #.......# #
###.### ##.####.### #g#
#......... #@#
#......... #.#
#..####### #.#######..#
# #..........#######
#########.........
##########


You could see a gnoll.

Vanquished Creatures
  A worker ant (D:2)
  An ooze (D:2)
  3 dart slugs
  2 leopard geckos (D:2)
  3 bats
  3 giant cockroaches
  6 goblins
  12 hobgoblins
  2 quokkas (D:2)
  2 ball pythons
  6 frilled lizards
  5 kobolds
  2 rats (D:1)
48 creatures vanquished.

Notes
Turn   | Place    | Note
-------+----------+-------------------------------------------
     0 | D:1      | HAL9000 the Vine Stalker Assassin began the quest for the
                  | Orb.
     0 | D:1      | Reached XP level 1. HP: 11/11 MP: 2/2
    43 | D:1      | Reached XP level 2. HP: 14/15 MP: 3/3
   556 | D:1      | Reached XP level 3. HP: 18/18 MP: 4/4
  1631 | D:2      | Gained mutation: Your natural rate of healing is unusually
                  | fast. [Vine Stalker growth]
  1631 | D:2      | Reached XP level 4. HP: 14/23 MP: 5/5
  1749 | D:3      | Noticed Robin
  2052 | D:2      | Slain by a gnoll

Levels and vault maps discovered:
D:1:      dpeg_arrival_court, layout_loops_ring
D:2:      layout_loops_ring, st_stairs_13
D:3:      layout_rooms, fedhas_altar_4, uniq_robin

Skill      XL: |  1  2  3  4 |
---------------+-------------+-----
Short Blades   | 2 3 4 |  4.2
Fighting       | |  1.7
Throwing       | |  1.7
Dodging        | |  0.7
Stealth        | |  4.8

Action                   |  1- 3 |  4- 6 || total
-------------------------+-------+-------++-------
Melee: Dagger            |   128 |    29 ||   157
       Bite              |    27 |     5 ||    32
 Stab: Sleeping          |     9 |     1 ||    10
  Eat: Chunk             |     2 |     1 ||     3
Armor: Robe              |     9 |       ||     9
       Leather armour    |    24 |    10 ||    34
Dodge: Dodged            |    53 |    15 ||    68

Table legend:
 A = Non-vault XP
 B = Vault XP
 C = Vault XP percentage of total XP
 D = Non-vault monster count
 E = Vault monster count
 F = Vault count percentage of total count
                 A         B        C        D         E       F
            +---------+---------+-------+---------+---------+-------
      Total |     118 |       7 |   5.6 |      44 |       4 |   8.3
            +---------+---------+-------+---------+---------+-------
        D:1 |      36 |       0 |   0.0 |      21 |       0 |   0.0
        D:2 |      80 |       7 |   8.0 |      22 |       4 |  15.4
        D:3 |       2 |       0 |   0.0 |       1 |       0 |   0.0
            +---------+---------+-------+---------+---------+-------
